 Dungeon Crawl Stone Soup version 0.30.0-5-g1a98f26d00 (webtiles) character file.

Game seed: 461860184760912269

796 Doggr the Grave Robber (level 8, -5/48 HPs)
             Began as a Human Necromancer on May 11, 2023.
             Was a Believer of Hepliaklqana.
             Killed from afar by an electric eel (13 damage)
             ... with a bolt of electricity
             ... on level 5 of the Dungeon.
             The game lasted 00:44:07 (2894 turns).

Doggr the Grave Robber (Human Necromancer)          Turns: 2894, Time: 00:44:08

Health: -5/48      AC:  6    Str:  8    XL:     8   Next: 13%
Magic:  14/14      EV: 12    Int: 16    God:    Hepliaklqana [**....]
Gold:   318        SH:  0    Dex: 16    Spells: 5/15 levels left

rFire   + . .        a - +0 short sword (holy)
rCold   x . .        (no shield)
rNeg    . . .        h - +0 leather armour
rPois   .            G - +0 helmet
rElec   .            i - +1 cloak
rCorr   .            (no gloves)
SInv    .            (no boots)
Will    +....        B - amulet of regeneration
Stlth   ++           w - ring of willpower
HPRegen 1.08/turn    m - ring of fire
MPRegen 0.14/turn

%: no passive effects
@: about to teleport
A: reduced essence
a: Renounce Religion, Recall Ancestor, Ancestor Identity


You were on level 5 of the Dungeon.
You worshipped Hepliaklqana.
Hepliaklqana was pleased with you.
You visited 1 branch of the dungeon, and saw 6 of its levels.

You collected 318 gold pieces.

Inventory:

Hand Weapons
 a - a +0 short sword of holy wrath (weapon)
 c - a +0 dagger
 x - a +0 short sword
 C - a +0 rapier
Missiles
 g - 3 atropa-tipped darts
 p - 5 javelins
 D - 4 boomerangs
 F - a throwing net
Armour
 h - a +0 leather armour (worn)
 i - a +1 cloak (worn)
 y - a +0 chain mail of poison resistance
 G - a +0 helmet (worn)
Jewellery
 m - a ring of fire (right hand)
 w - a ring of willpower (left hand)
 B - an amulet of regeneration (around neck)
 E - a ring of protection from fire
Wands
 H - a wand of flame (21)
Scrolls
 e - 3 scrolls of noise
 k - a scroll of immolation {unknown}
 l - a scroll of teleportation
 q - 2 scrolls of enchant armour
 t - a scroll of amnesia {unknown}
 u - a scroll of fog {unknown}
 v - a scroll of identify
 A - 2 scrolls of poison {unknown}
Potions
 b - a potion of magic
 d - a potion of berserk rage {unknown}
 f - a potion of lignification {unknown}
 j - a potion of degeneration {unknown}
 n - 2 potions of haste
 o - a potion of brilliance {unknown}
 r - 2 potions of attraction {unknown}
 s - a potion of curing {unknown}
 z - 2 potions of flight {unknown}


   Skills:
 + Level 1.3 Fighting
 + Level 3.4 Short Blades
 + Level 0.4 Throwing
 + Level 1.9 Armour
 + Level 2.5 Dodging
 + Level 2.7 Stealth
 + Level 4.2 Spellcasting
 * Level 3.0 Hexes
 + Level 5.6 Necromancy


You had 5 spell levels left.
You knew the following spells:

 Your Spells              Type           Power      Damage    Failure   Level
a - Necrotise             Necr           84%        1d8       2%          1
b - Vampiric Draining     Necr           21%        2d7       7%          3
c - Tukima's Dance        Hex            13%        N/A       21%         3
d - Gell's Gravitas       Tloc           3%         N/A       56%         3

Your spell library contained the following spells:

 Spells                   Type           Power      Damage    Failure   Level
 Kiss of Death            Conj/Necr      48%        2d9       8%          1
 Confusing Touch          Hex            13%        N/A       21%         3
 Animate Dead             Necr           21%        N/A       24%         4
 Dispel Undead            Necr           21%        3d11      24%         4
 Poisonous Vapours        Pois/Air       6%         N/A       34%         2
 Agony                    Necr           21%        N/A       54%         5
 Mephitic Cloud           Conj/Pois/Air  3%         N/A       56%         3
 Teleport Other           Tloc           3%         N/A       56%         3
 Passage of Golubria      Tloc           3%         N/A       93%         4
 Yara's Violent Unravell  Hex/Tmut       4%         3d4       98%         5
 Freezing Cloud           Conj/Ice/Air   1%         6-21      100%        5
 Dispersal                Tloc           1%         N/A       100%        6


Dungeon Overview and Level Annotations

Branches:
Dungeon (6/15)
 Temple: D:4-7

Altars:
Gozag
Hepliaklqana


Message History

The puff of frost hits you!
You feel a terrible chill!
You see here a +0 battleaxe.
There is a stone staircase leading up here.
The white imp picks up a beetle and eats it.
You climb upwards.
There is a stone staircase leading down here.
You start putting on your armour.
You continue putting on your +0 helmet.
HP restored.
You continue putting on your +0 helmet. x2
You are no longer corroded.
You continue putting on your +0 helmet.
You finish putting on your +0 helmet.
Magic restored.
Found a transporter.
Found 11 gold pieces.
Found 12 gold pieces and a wand of flame (21).
There is a transporter here.
You enter the transporter and appear at another place.
You now have 318 gold pieces (gained 12).
H - a wand of flame (21)
You swap places.
There is a transporter landing site here.
You open the door.
The electric eel shoots out a bolt of lightning at you!
The bolt of electricity hits you!
You swap places.
The electric eel shoots out a bolt of lightning at you!
The bolt of electricity hits you!
The electric eel shoots out a bolt of lightning at you!
The bolt of electricity hits you! x2
* * * LOW HITPOINT WARNING * * *
The bolt of electricity hits Shaahas!
The bolt of electricity hits the plant!
The plant begins to die.
Shaahas hits the plant with a +0 quarterstaff!
There is an open door here.
As you read the scroll of teleportation, it crumbles to dust.
You feel strangely unstable.
The electric eel shoots out a bolt of lightning at you!
The bolt of electricity hits you!
You die...

o# .# # #.#~. .~#.## .#.##
#.#~...~#..# o...# #.#S...S#..#
....# #.#~.♣.~#..## ....#
#.#S...~#.... ..).# #.#~...~#.#
###.# # #.#~...S#.#### .... #
.#.# #.###@###..... .$...##
###.#.# #.#P..RP#.### ..#.###
.#.... #.#8.©.8#.# ..# .... ....#
#.#######.# ..# ... ....#
#....©....###.# .... ..8.##
#######...####... .. .
.....###............##.##########
.........##########............>.
..)..#..# ####.#########.


You could see the friendly Shaahas the battlemage and 4 electric eels.

Vanquished Creatures
  2 phantoms
  A jelly (D:5)
  A hound (D:5)
  An adder (D:3)
  3 worms
  4 dart slugs
  3 orcs (D:4)
  3 ball pythons
  6 endoplasms
  A giant cockroach (D:2)
  3 goblins
  10 hobgoblins
  4 jackals (D:1)
  3 kobolds
  A bat (D:1)
  7 frilled lizards
  5 rats
58 creatures vanquished.

Vanquished Creatures (collateral kills)
  The ghost of Toxicplasma the Poker, an amateur MiBe of Trog (D:4)
  A phantom (D:5)
  A scorpion (D:4)
  A hound (D:5)
  An orc priest (D:4)
  2 jellies
  An iguana (D:5)
  A sleepcap (D:5)
  4 adders
  A worm (D:4)
  2 dart slugs
  3 orcs
  2 endoplasms
  A giant cockroach (D:3)
  2 hobgoblins (D:3)
  3 ball pythons
  2 rats
29 creatures vanquished.

Grand Total: 87 creatures vanquished

Notes
Turn   | Place    | Note
-------+----------+-------------------------------------------
     0 | D:1      | Doggr the Human Necromancer began the quest for the Orb.
     0 | D:1      | Reached XP level 1. HP: 13/13 MP: 3/3
   245 | D:1      | Reached XP level 2. HP: 7/19 MP: 1/5
   695 | D:1      | Reached XP level 3. HP: 24/24 MP: 3/6
   841 | D:2      | Learned a level 3 spell: Vampiric Draining
  1111 | D:2      | Reached skill level 1 in Short Blades
  1363 | D:2      | Found a faded altar of an unknown god.
  1371 | D:2      | Prayed at the altar of an unknown god.
  1371 | D:2      | Became a worshipper of Hepliaklqana the Forgotten
  1371 | D:2      | Reached * piety under Hepliaklqana
  1727 | D:3      | Reached XP level 4. HP: 22/27 MP: 3/7
  1849 | D:3      | Learned a level 3 spell: Tukima's Dance
  2132 | D:3      | Reached XP level 5. HP: 32/32 MP: 7/9
  2334 | D:4      | Found an opulent altar of Gozag.
  2371 | D:4      | Noticed a phantom
  2410 | D:4      | Reached skill level 1 in Hexes
  2474 | D:4      | Killed a phantom
  2475 | D:4      | Reached skill level 1 in Armour
  2475 | D:4      | Reached XP level 6. HP: 37/37 MP: 7/10
  2491 | D:4      | Reached ** piety under Hepliaklqana
  2496 | D:4      | Remembered your ancestor Shaahas as a battlemage
  2540 | D:4      | Reached skill level 5 in Necromancy
  2579 | D:5      | Entered Level 5 of the Dungeon
  2633 | D:4      | Found a runed translucent door.
  2633 | D:4      | Noticed Toxicplasma's ghost (amateur MiBe)
  2644 | D:4      | Killed Toxicplasma's ghost
  2645 | D:4      | Reached skill level 1 in Fighting
  2645 | D:4      | Reached XP level 7. HP: 41/43 MP: 12/12
  2742 | D:5      | Learned a level 3 spell: Gell's Gravitas
  2767 | D:5      | Reached XP level 8. HP: 45/48 MP: 10/14
  2876 | D:5      | Found a transporter.
  2894 | D:5      | Killed from afar by an electric eel

Illustrated notes

Levels and vault maps discovered:
D:1:      dpeg_arrival_tiny_k, layout_loops_cross, serial_shops,
          nicolae_shop_pleasant_corner_grove
D:2:      layout_loops_corners, ebering_ecumenical_altar_webs
D:3:      layout_rooms
D:4:      layout_cave_pools, nicolae_gozag_seed_capital,
          ebering_ghost_reflecting_pool, kennysheep_pointless_box
D:5:      gammafunk_steamed_eel, layout_rooms, kennysheep_doodads, st_stairs_5
D:6:      layout_loops_cross, corexii_shack, st_stairs_5,
          nicolae_wooded_promenade

Skill      XL: |  1  2  3  4  5  6  7  8 |
---------------+-------------------------+-----
Short Blades   | 1 2 3 |  3.4
Hexes          | 1 2 3 |  3.0
Armour         | 1 |  1.9
Spellcasting   | 3 4 |  4.2
Necromancy     | 5 |  5.6
Fighting       | 1 |  1.3
Throwing       | |  0.4
Dodging        | |  2.5
Stealth        | |  2.7

Action                     |  1- 3 |  4- 6 |  7- 9 || total
---------------------------+-------+-------+-------++-------
  Melee: Dagger            |    65 |     3 |       ||    68
         Short sword       |       |    37 |    16 ||    53
         Rapier            |       |    27 |     2 ||    29
         Punch             |       |       |     1 ||     1
  Throw: Dart              |       |     3 |       ||     3
   Cast: Necrotise         |    37 |    27 |     6 ||    70
         Vampiric Draining |     1 |     2 |     4 ||     7
 Invoke: Ancestor Identity |     1 |       |       ||     1
         Recall Ancestor   |       |     1 |       ||     1
         Ancestor Life: Ba |       |     1 |       ||     1
    Use: Scroll            |       |     3 |     2 ||     5
   Stab: Sleeping          |     4 |     1 |     2 ||     7
         Distracted        |       |     1 |       ||     1
 Armour: Robe              |     2 |       |       ||     2
         Leather armour    |    11 |    16 |     4 ||    31
  Dodge: Dodged            |    57 |    49 |    18 ||   124
